 Dungeon Crawl Stone Soup version 0.30.1 (webtiles) character file.

Game seed: 9465059157892319424

94 howech the Chopper (level 4, 0/40 HPs)
             Began as a Minotaur Berserker on July 5, 2023.
             Was a Believer of Trog.
             Slain by an orc priest
             ... wielding a +0 dagger
              (4 damage)
             ... on level 3 of the Dungeon.
             The game lasted 00:05:05 (2246 turns).

howech the Chopper (Minotaur Berserker)             Turns: 2246, Time: 00:05:06

Health: 0/40       AC: 11    Str: 22    XL:     4   Next: 38%
Magic:  3/3        EV:  9    Int:  6    God:    Trog [**....]
Gold:   109        SH:  0    Dex: 15    Spells: 3/3 levels left

rFire   . . .        a - +0 hand axe
rCold   . . .        (no shield)
rNeg    . . .        j - +0 chain mail
rPois   .            (helmet restricted)
rElec   .            f - +0 cloak
rCorr   .            g - +0 pair of gloves
SInv    .            (no boots)
Will    .....        (no amulet) Stlth
                     h - +6 ring of dexterity
HPRegen 0.26/turn    (no ring)
MPRegen 0.08/turn

%: no passive effects
@: confused
A: horns 2, retaliatory headbutt
a: Renounce Religion, Berserk, Trog's Hand


You were on level 3 of the Dungeon.
You worshipped Trog.
Trog was pleased with you.
You visited 1 branch of the dungeon, and saw 4 of its levels.

You collected 109 gold pieces.

Inventory:

Hand Weapons
 a - a +0 hand axe (weapon)
Missiles
 l - 3 boomerangs (quivered)
Armour
 f - a +0 cloak (worn)
 g - a +0 pair of gloves (worn)
 j - a +0 chain mail (worn)
Jewellery
 h - a +6 ring of dexterity (left hand)
Scrolls
 d - a scroll of immolation {unknown}
 e - a scroll of noise {unknown}
 n - a scroll of enchant weapon {unknown}
Potions
 b - a potion of cancellation
 c - a potion of haste {unknown}
 i - a potion of curing
 k - a potion of attraction {unknown}
 m - a potion of lignification {unknown}
 o - a potion of invisibility {unknown}


   Skills:
 + Level 4.0 Fighting
 * Level 4.4 Axes
 + Level 1.0 Throwing
 + Level 3.0 Armour
 * Level 3.0 Dodging
 + Level 1.3 Shields
 + Level 1.0 Evocations


You had 3 spell levels left.
You didn't know any spells.
Your spell library was empty.

Dungeon Overview and Level Annotations

Branches:
Dungeon (4/15)
 Temple: D:4-7

Altars:

Shops:
D:4 (


Innate Abilities, Weirdness & Mutations

You have a pair of horns on your head.
You reflexively headbutt those who attack you in melee.


Message History

Unknown command.
You hit something but do no damage. You closely miss the orc priest.
The orc priest hits you but does no damage.
Something hits you but does no damage.
Unknown command.
You hit the orc priest.
You headbutt the orc priest, but do no damage.
The orc priest is severely wounded.
You closely miss something.
The orc priest hits you but does no damage.
You hear some strange, mumbled words.
You are confused.
You miss the orc priest.
The orc priest is severely wounded.
You completely miss something. The orc priest barely misses you.
Something hits you.
Unknown command.
You hear some strange, mumbled words.
A magic dart appears from out of thin air!
The magic dart hits you!
The orc priest invokes the aid of Beogh against you.
Beogh smites you!
* * * LOW HITPOINT WARNING * * *
Things that are here:
a +0 club; a worm corpse; an orc corpse You are too confused!
You closely miss the orc priest.
The orc priest is severely wounded.
You closely miss something. Something hits you.
* * * LOW HITPOINT WARNING * * *
The orc priest hits you but does no damage.
Unknown command.
You hit something. Your headbutt misses something.
You closely miss the orc priest. Something hits you but does no damage.
The orc priest hits you with a +0 dagger.
* * * LOW HITPOINT WARNING * * *
Unknown command.
You're too confused to move!
Something hits you but does no damage.
The orc priest hits you with a +0 dagger.
You die...

#### #... # .... #####.
#+##... ......#########
#.#.... .......o......#
#.#.#.. .......@......#
#.#.#..
.####..{......####'#<#..
#.........#......#..
#................##+
########.........##.
.........[...##.
.................
.....#+####.##### ...).
#.#


You could see an orc priest.

Vanquished Creatures
  4 adders
  2 worms
  A dart slug (D:2)
  2 orcs (D:3)
  2 ball pythons
  3 bats (D:1)
  3 endoplasms
  3 giant cockroaches
  4 goblins
  5 hobgoblins
  3 jackals (D:3)
  3 quokkas
  3 frilled lizards (D:1)
  5 kobolds
  2 rats
45 creatures vanquished.

Notes
Turn   | Place    | Note
-------+----------+-------------------------------------------
     0 | D:1      | howech the Minotaur Berserker began the quest for the Orb.
     0 | D:1      | Reached XP level 1. HP: 19/19 MP: 0/0
   263 | D:1      | Reached XP level 2. HP: 27/27 MP: 1/1
  1144 | D:2      | Reached skill level 1 in Shields
  1144 | D:2      | Reached XP level 3. HP: 29/33 MP: 2/2
  1198 | D:2      | Reached ** piety under Trog
  1464 | D:2      | Reached XP level 4. HP: 40/40 MP: 3/3
  1687 | D:2      | You fall into a shaft and drop 2 floors!
  1687 | D:4      | Found Buaczug's Weapon Shoppe.
  1928 | D:3      | Reached skill level 1 in Throwing
  1928 | D:3      | Reached skill level 1 in Evocations
  2246 | D:3      | Slain by an orc priest

Illustrated notes

Levels and vault maps discovered:
D:1:      wheals_arrival_linesprint, layout_basic
D:2:      layout_loops_ring
D:3:      layout_basic, serial_corexii_hall, corexii_hall_statues_i,
          corexii_hall_statues_i
D:4:      layout_rooms, mainiacjoe_overflow_boulevard,
          minmay_temple_entry_glass, serial_shops, shop, minmay_ogre_servants,
          uniq_pikel, uniq_crazy_yiuf_cottage

Skill      XL: |  1  2  3  4 |
---------------+-------------+-----
Axes           | 4 |  4.4
Shields        | 1 |  1.3
Armour         | 3 |  3.0
Fighting       | 4 |  4.0
Throwing       | 1 |  1.0
Evocations     | 1 |  1.0
Dodging        | 3 |  3.0

Action                     |  1- 3 |  4- 6 || total
---------------------------+-------+-------++-------
  Melee: Hand axe          |    57 |    36 ||    93
         Headbutt          |     2 |     8 ||    10
         Punch             |     1 |       ||     1
    Use: Scroll            |     3 |     1 ||     4
 Armour: Animal skin       |     9 |       ||     9
         Chain mail        |       |    24 ||    24
  Dodge: Dodged            |    41 |    20 ||    61
